[Event "Titled Tuesday Blitz February 15 Early 2022"]
[White "Samadov, Read"]
[Black "Ezat, Mohamed"]
[WhiteFideId "13417444"]
[BlackFideId "10600906"]
[WhiteElo "2823"]
[BlackElo "2625"]
[Result "1-0"]
[Round "05"]
[TimeControl "180+1"]
[Date "2022.02.15"]
[WhiteClock "0:00:06"]
[BlackClock "0:00:04"]

1. d4 Nf6 2. c4 g6 3. Nc3 Bg7 4. e4 O-O 5. f4 d6 6. Nf3 c5 7. d5 e5 8. fxe5 Ng4 9. Bg5 Qb6 10. Qd2 Nxe5 11. Nxe5 Bxe5 12. Be2 Nd7 13. O-O Bg7 14. Kh1 Ne5 15. Rab1 Bd7 16. a3 Qb3 17. Be7 Rfe8 18. Bxd6 Nxc4 19. Bxc4 Qxc4 20. Rbc1 f5 21. e5 Bxe5 22. Bxe5 Rxe5 23. d6 Qd4 24. Qc2 Bc6 25. Rcd1 Qg4 26. Kg1 Rd8 27. Rd2 Re6 28. Rfd1 Qf4 29. Qb3 c4 30. Qb4 Qe3+ 31. Kf1 Qe5 32. Qxc4 Kf8 33. Re2 Qxh2 34. Qxe6 Qh1+ 35. Kf2 Qxg2+ 36. Ke1 Qg1+ 37. Kd2 Qd4+ 38. Kc1 Be4 39. Qe7+ Kg8 40. Qxd8+ 1-0


[Site "https://www.chess.com"]

[Event "Titled Tuesday Blitz February 15 Early 2022"]
[White "Sanal, Vahap"]
[Black "Tari, Aryan"]
[WhiteFideId "6300545"]
[BlackFideId "1510045"]
[WhiteElo "2603"]
[BlackElo "2567"]
[Result "1/2-1/2"]
[Round "05"]
[TimeControl "180+1"]
[Date "2022.02.15"]
[WhiteClock "0:00:04"]
[BlackClock "0:00:02"]

1. Nf3 c5 2. b3 d6 3. Bb2 e5 4. c4 Nc6 5. g3 g6 6. Nc3 Bg7 7. d3 Nge7 8. Bg2 O-O 9. O-O h6 10. Nd2 Be6 11. a3 d5 12. cxd5 Nxd5 13. Rc1 b6 14. b4 Rb8 15. bxc5 bxc5 16. Ba1 Nd4 17. e3 Nxc3 18. Rxc3 Nb5 19. Rxc5 Qxd3 20. a4 Rfd8 21. axb5 Qxd2 22. Qa4 Rd7 23. Bxe5 Bxe5 24. Rxe5 Qc3 25. Qf4 Rbd8 26. Qe4 Rd6 27. h4 Kg7 28. Qf4 Qb2 29. Kh2 Rd1 30. Rxd1 Rxd1 31. Rc5 Rd2 32. Kg1 Rd1+ 33. Kh2 Rd2 34. Kg1 Qb1+ 35. Kh2 Qb2 1/2-1/2


[Site "https://www.chess.com"]

[Event "Titled Tuesday Blitz February 15 Early 2022"]
[White "Sargissyan, Sargis"]
[Black "Vokhidov, Shamsiddin"]
[WhiteFideId "13303210"]
[BlackFideId "14204223"]
[WhiteElo "2403"]
[BlackElo "2916"]
[Result "0-1"]
[Round "05"]
[TimeControl "180+1"]
[Date "2022.02.15"]
[WhiteClock "0:00:03"]
[BlackClock "0:00:15"]

1. e4 c5 2. Nf3 d6 3. d4 cxd4 4. Nxd4 Nf6 5. Nc3 Nc6 6. Bg5 Bd7 7. Qd2 a6 8. f3 e6 9. O-O-O Nxd4 10. Qxd4 h6 11. Be3 Bc6 12. e5 dxe5 13. Qxe5 Qb8 14. Bf4 Qxe5 15. Bxe5 Be7 16. Bd3 O-O-O 17. Rhe1 h5 18. Ne4 h4 19. h3 Rh5 20. Nxf6 gxf6 21. Bf4 Bd6 22. Bxd6 Rxd6 23. Be4 Rxd1+ 24. Kxd1 Bd7 25. f4 Bc6 26. Bxc6 bxc6 27. Ke2 Rh8 28. Rd1 Rg8 29. Kf2 Kc7 30. Rd4 f5 31. b4 f6 32. c3 Rg3 33. Rc4 Kd6 34. a4 e5 35. fxe5+ fxe5 36. Rxh4 Rxc3 37. Rh5 f4 38. Rh8 Kd5 39. h4 Ke4 40. h5 Rc2+ 41. Kg1 Rd2 42. h6 Rd6 43. h7 Rh6 44. Rc8 Rxh7 45. Rxc6 Rb7 46. Rxa6 Rxb4 47. Kf2 Rb2+ 48. Kg1 Ke3 49. Re6 e4 50. a5 Kd3 51. a6 Ra2 52. Kh2 f3 53. Kh1 f2 54. Rf6 e3 55. Kh2 Rxa6 56. Rxa6 f1=Q 57. Ra3+ Kd4 58. Ra4+ Kd5 59. Ra5+ Kd6 60. Rh5 e2 61. Rh6+ Ke5 62. Rh5+ Kf6 63. Rh4 e1=Q 64. Rh6+ Kg7 0-1


[Site "https://www.chess.com"]

[Event "Titled Tuesday Blitz February 15 Early 2022"]
[White "Seemann, Jakub"]
[Black "Stanisz, Patryk"]
[WhiteFideId "21874697"]
[BlackFideId "1123106"]
[WhiteElo "2003"]
[BlackElo "1876"]
[Result "1-0"]
[Round "05"]
[TimeControl "180+1"]
[Date "2022.02.15"]
[WhiteClock "0:00:37"]
[BlackClock "0:00:06"]

1. e4 c5 2. Ne2 Nc6 3. Nbc3 Nf6 4. g3 g6 5. Bg2 Bg7 6. O-O Rb8 7. a4 a6 8. d4 cxd4 9. Nxd4 O-O 10. Be3 Ne5 11. h3 d6 12. b3 Qc7 13. Nd5 Nxd5 14. exd5 e6 15. dxe6 fxe6 16. Qd2 Nc6 17. Rad1 d5 18. c4 dxc4 19. Nxc6 bxc6 20. bxc4 Rb2 21. Qd3 e5 22. g4 h5 23. Qxg6 hxg4 24. hxg4 Rf6 25. Qh5 e4 26. Bxe4 Qe7 27. Qh7+ Kf8 28. Bc5 Qxc5 29. Rd8+ Kf7 30. Qg8+ Ke7 31. Qe8# 1-0


[Site "https://www.chess.com"]

[Event "Titled Tuesday Blitz February 15 Early 2022"]
[White "Selbes, Tarik"]
[Black "Vine, Elzbieta"]
[WhiteFideId "6302513"]
[BlackFideId "1119320"]
[WhiteElo "2290"]
[BlackElo "1850"]
[Result "1-0"]
[Round "05"]
[TimeControl "180+1"]
[Date "2022.02.15"]
[WhiteClock "0:01:06"]
[BlackClock "0:00:36"]

1. e4 c5 2. Nf3 d6 3. d4 cxd4 4. Nxd4 Nf6 5. Nc3 a6 6. Qf3 Qc7 7. Bg5 Nbd7 8. O-O-O Ne5 9. Qe2 b5 10. Nd5 Nxd5 11. exd5 Bg4 12. f3 Bh5 13. g4 Bg6 14. f4 Nd3+ 15. Rxd3 Bxd3 16. Qxd3 Rc8 17. Bg2 h6 18. Bh4 g6 19. Re1 e5 20. dxe6 fxe6 21. Qxg6+ Kd7 22. Qxe6# 1-0


[Site "https://www.chess.com"]

[Event "Titled Tuesday Blitz February 15 Early 2022"]
[White "Senthil Maran K"]
[Black "Brunner, Nicolas"]
[WhiteFideId "25035681"]
[BlackFideId "620246"]
[WhiteElo "2692"]
[BlackElo "2526"]
[Result "1-0"]
[Round "05"]
[TimeControl "180+1"]
[Date "2022.02.15"]
[WhiteClock "0:00:17"]
[BlackClock "0:00:03"]

1. d4 d5 2. Nf3 Nf6 3. c4 e6 4. g3 dxc4 5. Bg2 c5 6. O-O Nc6 7. dxc5 Qxd1 8. Rxd1 Bxc5 9. Nbd2 c3 10. bxc3 O-O 11. Nb3 Be7 12. c4 Bd7 13. Bb2 Rfd8 14. Nfd4 Be8 15. Nxc6 Bxc6 16. Bxc6 bxc6 17. Na5 Rac8 18. Bxf6 Bxf6 19. Rab1 g6 20. c5 Rd5 21. Nb3 Rcd8 22. Rdc1 Be7 23. Rc4 f5 24. Rbc1 Kg7 25. Ra4 R8d7 26. Ra6 Rc7 27. Rc4 Kf6 28. f3 Rd1+ 29. Kf2 Rb1 30. Rca4 Rb2 31. Kf1 Rc2 32. R4a5 Ke5 33. Ke1 Kd5 34. Kd1 Rc4 35. Rxa7 Rxa7 36. Rxa7 Bxc5 37. Rxh7 Ra4 38. Rg7 Rxa2 39. Rxg6 Be3 40. Rg8 c5 41. Rd8+ Kc4 42. Nd2+ Kc3 43. Rd3+ Kb2 44. Nc4+ 1-0


[Site "https://www.chess.com"]

[Event "Titled Tuesday Blitz February 15 Early 2022"]
[White "Seo, Jung Min"]
[Black "Manukyan, Artyom"]
[WhiteFideId "1734687"]
[BlackFideId "13305786"]
[WhiteElo "2707"]
[BlackElo "2550"]
[Result "1-0"]
[Round "05"]
[TimeControl "180+1"]
[Date "2022.02.15"]
[WhiteClock "0:00:55"]
[BlackClock "0:00:07"]

1. e4 c5 2. Nf3 d6 3. d4 cxd4 4. Nxd4 Nf6 5. Nc3 g6 6. Be2 Bg7 7. Be3 O-O 8. O-O Nc6 9. Nb3 Be6 10. f4 Na5 11. f5 Bc4 12. Bd4 Rc8 13. Bd3 Bxd3 14. cxd3 Nxb3 15. Qxb3 b6 16. Qa4 Qd7 17. Qd1 Rfe8 18. h3 Qc6 19. Qf3 Rcd8 20. fxg6 fxg6 21. Nd5 Qd7 22. Bxf6 exf6 23. Nxf6+ Bxf6 24. Qxf6 Rf8 25. Qc3 d5 26. e5 d4 27. Qc4+ Qd5 28. Rxf8+ Kxf8 29. Qc7 Qd7 30. Rf1+ Kg8 31. Qc4+ Qd5 32. Qc7 Qd7 33. Rc1 Qxc7 34. Rxc7 Rd5 35. Rxa7 Rxe5 36. Rd7 Re2 37. Rxd4 Rxb2 38. a4 Kg7 39. Kh2 h5 40. Kg3 Kf6 41. h4 Kf5 42. Kf3 Ke5 43. Re4+ Kf5 44. Re8 Rb3 45. Ke3 Rb2 46. Rf8+ Kg4 47. Rf6 Kxh4 48. Rxg6 Rb4 49. d4 Rxa4 50. Rxb6 Kg3 51. Rg6+ Kh2 52. Rg5 h4 53. Rg4 Ra3+ 54. Ke4 h3 55. gxh3 Kxh3 56. Rg8 Kh4 57. d5 Kh5 58. Ke5 Ra1 59. d6 Rd1 60. Ke6 Kh6 61. d7 1-0


[Site "https://www.chess.com"]

[Event "Titled Tuesday Blitz February 15 Early 2022"]
[White "Shevtchenko, Olesya"]
[Black "Ratnakaran, K."]
[WhiteFideId "24131890"]
[BlackFideId "5005507"]
[WhiteElo "2003"]
[BlackElo "2391"]
[Result "0-1"]
[Round "05"]
[TimeControl "180+1"]
[Date "2022.02.15"]
[WhiteClock "0:00:20"]
[BlackClock "0:01:13"]

1. e4 e6 2. d4 d5 3. Nc3 Nf6 4. e5 Nfd7 5. f4 c5 6. Nf3 Be7 7. Be3 b6 8. Qd2 O-O 9. h4 f5 10. exf6 Nxf6 11. O-O-O Nc6 12. Kb1 c4 13. Ne5 Nxe5 14. fxe5 Ng4 15. Be2 Nf2 16. Bxf2 Rxf2 17. g3 Bb4 18. Qe3 Rf8 19. Rdf1 Bd7 20. Bg4 Qe7 21. Ne2 c3 22. Nxc3 Rac8 23. Ne2 b5 24. Nf4 Ba5 25. Nd3 Bb6 26. Bh3 b4 27. Rxf8+ Qxf8 28. Rf1 Qe7 29. Rf4 a5 30. Nf2 Ba4 31. b3 Bd7 32. Ng4 Qd8 33. Nf6+ gxf6 34. Rxf6 Qc7 35. Qg5+ Kh8 36. Rf2 Qd8 37. Qf4 Qe7 38. h5 Rg8 39. h6 Qg5 40. Qxg5 Rxg5 41. Rf8+ Rg8 42. Rf7 Rxg3 43. Rxd7 Rxh3 44. Rb7 Rh1+ 45. Kb2 Bxd4+ 46. c3 Bxc3+ 47. Kc2 Rxh6 0-1


[Site "https://www.chess.com"]

[Event "Titled Tuesday Blitz February 15 Early 2022"]
[White "Shtyka, Sergey"]
[Black "Gatterer, Florian"]
[WhiteFideId "4138465"]
[BlackFideId "811688"]
[WhiteElo "2014"]
[BlackElo "2218"]
[Result "1/2-1/2"]
[Round "05"]
[TimeControl "180+1"]
[Date "2022.02.15"]
[WhiteClock "0:00:46"]
[BlackClock "0:00:18"]

1. e4 e5 2. Nf3 Nc6 3. Nc3 Nf6 4. Bb5 Nd4 5. Ba4 c6 6. d3 Bc5 7. Nxd4 Bxd4 8. Ne2 Bb6 9. Bg5 h6 10. Bh4 g5 11. Bg3 Qe7 12. O-O O-O 13. Kh1 d6 14. f3 Nh5 15. Bf2 Kg7 16. Bxb6 axb6 17. Bb3 Be6 18. Ng3 Nxg3+ 19. hxg3 f5 20. Bxe6 Qxe6 21. a3 f4 22. g4 h5 23. gxh5 Rh8 24. Kg1 Rxh5 25. Kf2 Rah8 26. Qe2 Rh2 27. Ke1 g4 28. fxg4 R8h4 29. Kd2 Qxg4 30. Rf2 Qxe2+ 31. Kxe2 Rg4 32. Rg1 Rg3 33. Kf1 c5 34. Rf3 Rxf3+ 35. gxf3+ Kf6 36. Rg2 Rh1+ 37. Rg1 Rh2 38. Rg2 Rh1+ 39. Rg1 Rh2 1/2-1/2


[Site "https://www.chess.com"]

[Event "Titled Tuesday Blitz February 15 Early 2022"]
[White "Shuvalov, Evgenij"]
[Black "De Souza Sa, Apolo"]
[WhiteFideId "4187237"]
[BlackFideId "324225390"]
[WhiteElo "2119"]
[BlackElo "1828"]
[Result "1/2-1/2"]
[Round "05"]
[TimeControl "180+1"]
[Date "2022.02.15"]
[WhiteClock "0:00:17"]
[BlackClock "0:00:12"]

1. e4 c5 2. Nf3 d6 3. c3 Nf6 4. Be2 Nc6 5. d4 cxd4 6. cxd4 Bg4 7. Nc3 Bxf3 8. Bxf3 e6 9. d5 Ne5 10. Be2 exd5 11. exd5 Be7 12. O-O O-O 13. Be3 Qa5 14. Rc1 Rac8 15. Qb3 b6 16. h3 h5 17. Rfd1 g6 18. Nb5 Rxc1 19. Rxc1 a6 20. Nc3 b5 21. a3 Rc8 22. Rd1 Qc7 23. Bd4 Nc4 24. a4 Qb7 25. axb5 axb5 26. Qxb5 Qxb5 27. Nxb5 Nxd5 28. Rc1 Ncb6 29. Rxc8+ Nxc8 30. Nc3 Nxc3 31. Bxc3 Nb6 32. b4 Nd5 33. Bd2 Bd8 34. b5 Bb6 35. Bf3 Nc7 36. Bc6 Kf8 37. Kf1 Ke7 38. Ke2 Ne6 39. Be3 Nd4+ 40. Kd3 Nxc6 41. bxc6 Bxe3 42. fxe3 d5 43. e4 dxe4+ 44. Kxe4 Ke6 45. h4 f6 46. c7 Kd7 47. Kd5 g5 48. c8=Q+ Kxc8 49. Ke6 gxh4 50. Kxf6 h3 51. gxh3 Kd8 52. h4 Ke8 53. Kg6 Kf8 54. Kxh5 Kg8 55. Kh6 Kh8 56. Kg6 Kg8 57. h5 Kh8 58. h6 Kg8 59. h7+ Kh8 60. Kh6 1/2-1/2


[Site "https://www.chess.com"]

[Event "Titled Tuesday Blitz February 15 Early 2022"]
[White "Singh, Ojasva"]
[Black "Pires, Marcos Vinicius Torsani"]
[WhiteFideId "25681958"]
[BlackFideId "2118939"]
[WhiteElo "1741"]
[BlackElo "2273"]
[Result "1/2-1/2"]
[Round "05"]
[TimeControl "180+1"]
[Date "2022.02.15"]
[WhiteClock "0:00:11"]
[BlackClock "0:00:04"]

1. e4 c6 2. d4 d5 3. Nc3 dxe4 4. Nxe4 Bf5 5. Ng3 Bg6 6. f4 e6 7. Nf3 Bd6 8. Bd3 Ne7 9. O-O O-O 10. Ne5 Bxd3 11. Qxd3 c5 12. Be3 cxd4 13. Bxd4 Nbc6 14. Bc3 Nxe5 15. fxe5 Bc5+ 16. Kh1 Qxd3 17. cxd3 Nc6 18. Rad1 Rad8 19. Rfe1 Bd4 20. Re4 Rd5 21. Bxd4 Nxd4 22. Ne2 Nxe2 23. Rxe2 Rfd8 24. Rc2 Rxe5 25. Rc7 Rb5 26. Rd2 g5 27. h3 Kg7 28. Rf2 Rf8 29. Rd7 Kg6 30. Rc2 Rd5 31. Rxd5 exd5 32. Rc7 Rb8 33. Rd7 a6 34. Rxd5 f5 35. Rd6+ Kh5 36. g3 f4 37. Kg2 fxg3 38. Kxg3 Rc8 39. Rd7 b5 40. Rxh7+ Kg6 41. Ra7 Rc6 42. Rd7 Kf5 43. Rd5+ Kf6 44. d4 Rc2 45. Rd6+ Kf5 46. Rxa6 Rxb2 47. Rb6 b4 48. Rb5+ Kf6 49. Kf3 Rxa2 50. Rxb4 Ra3+ 51. Kg4 Ra6 52. Rb5 Ra4 53. Rd5 Ke6 54. Re5+ Kf6 55. Rf5+ Ke6 56. Kxg5 Rxd4 57. Rf1 Rd2 58. h4 Rg2+ 59. Kh6 Ke7 60. h5 Rg3 61. Kh7 Ke8 62. h6 Rg2 63. Kh8 Ke7 64. h7 Ke8 65. Re1+ Kf7 66. Rf1+ Ke7 67. Ra1 Kf7 68. Ra7+ Kf8 69. Ra8+ Kf7 70. Ra3 Rg1 71. Rf3+ Ke7 72. Rh3 Kf7 73. Rf3+ Ke7 74. Rf2 Rg3 75. Ra2 Rg1 76. Ra8 Kf7 77. Ra7+ Kf8 78. Ra8+ Kf7 79. Rg8 Ra1 80. Rg3 Ra8+ 81. Rg8 Ra1 82. Rb8 Rg1 83. Rb7+ Kf8 84. Rb3 Kf7 85. Rf3+ 1/2-1/2


[Site "https://www.chess.com"]

[Event "Titled Tuesday Blitz February 15 Early 2022"]
[White "Sinitsina, Anastassia"]
[Black "Politov, Pavel Y."]
[WhiteFideId "4504640"]
[BlackFideId "24110515"]
[WhiteElo "2144"]
[BlackElo "2090"]
[Result "1-0"]
[Round "05"]
[TimeControl "180+1"]
[Date "2022.02.15"]
[WhiteClock "0:01:57"]
[BlackClock "0:00:01"]

1. Nf3 d5 2. g3 Nf6 3. Bg2 Bg4 4. O-O c6 5. d3 Nbd7 6. e4 dxe4 7. dxe4 e5 8. Nbd2 Bc5 9. h3 Be6 10. Ng5 O-O 11. Nxe6 fxe6 12. Qe2 Qe8 13. Nb3 Bb6 14. a4 a5 15. Be3 Qe7 16. Rad1 Nc5 17. Qc4 Ncd7 18. Rfe1 Bxe3 19. Rxe3 Nb6 20. Qc5 Qxc5 21. Nxc5 Rfd8 22. Red3 Rxd3 23. Rxd3 Kf7 24. Rb3 Nc4 25. Rxb7+ Kg6 26. Nxe6 Re8 27. Nxg7 Rd8 28. Nf5 Rd1+ 29. Kh2 Rd2 30. Rg7+ Kh5 31. g4+ 1-0


[Site "https://www.chess.com"]

[Event "Titled Tuesday Blitz February 15 Early 2022"]
[White "Siva Mahadevan"]
[Black "Osmak, Yuliia"]
[WhiteFideId "25043153"]
[BlackFideId "14101602"]
[WhiteElo "2837"]
[BlackElo "2581"]
[Result "1-0"]
[Round "05"]
[TimeControl "180+1"]
[Date "2022.02.15"]
[WhiteClock "0:00:35"]
[BlackClock "0:00:01"]

1. e4 c6 2. d4 d5 3. e5 c5 4. Nf3 cxd4 5. Nxd4 e6 6. c4 Nc6 7. Nc3 Bc5 8. Nxc6 bxc6 9. Qg4 Kf8 10. Be2 Ne7 11. Bg5 h6 12. Bd2 Nf5 13. O-O a5 14. Rad1 Qh4 15. Na4 Ba7 16. Qxh4 Nxh4 17. Rc1 Bd4 18. Bc3 Nf5 19. Bd3 Bxc3 20. Rxc3 d4 21. Rc2 Ne7 22. Be4 f5 23. Bf3 g5 24. g3 Bd7 25. Nc5 Rd8 26. Rd2 Bc8 27. Bg2 Ng6 28. Re1 Rh7 29. b3 Rc7 30. Bf3 Ke7 31. Bh5 Nf8 32. Red1 a4 33. b4 d3 34. a3 Ra7 35. f4 Ba6 36. Nxa6 Rxa6 37. Rxd3 Rxd3 38. Rxd3 gxf4 39. gxf4 c5 40. b5 Ra7 41. Kf2 Nd7 42. Rd6 Rb7 43. Bf3 Rb8 44. Ke3 Nb6 45. Be2 Rb7 46. Rc6 Rb8 47. Rxc5 1-0


[Site "https://www.chess.com"]

[Event "Titled Tuesday Blitz February 15 Early 2022"]
[White "Sjugirov, Sanan"]
[Black "Arabidze, Meri"]
[WhiteFideId "4189302"]
[BlackFideId "13604040"]
[WhiteElo "2602"]
[BlackElo "2329"]
[Result "1-0"]
[Round "05"]
[TimeControl "180+1"]
[Date "2022.02.15"]
[WhiteClock "0:01:02"]
[BlackClock "0:00:10"]

1. e4 c5 2. Nf3 e6 3. d3 Nc6 4. g3 Nf6 5. Bg2 Be7 6. O-O O-O 7. Qe2 d6 8. c4 a6 9. Nc3 Rb8 10. h3 b5 11. b3 b4 12. Nd1 a5 13. Nb2 e5 14. Kh2 Ne8 15. Be3 f5 16. exf5 Bxf5 17. Nd2 Rc8 18. a3 Qd7 19. axb4 axb4 20. Ra6 Nf6 21. Rfa1 Rc7 22. Na4 Be6 23. Nb6 Qe8 24. Ne4 Nxe4 25. Bxe4 Kh8 26. Nd5 Bxd5 27. Bxd5 Nd4 28. Bxd4 cxd4 29. Kg2 Qg6 30. Be4 Qf6 31. R1a2 g6 32. h4 Kg7 33. Qg4 h5 34. Qe2 Rf7 35. R6a4 Rc8 36. Bd5 Rff8 37. Rxb4 g5 38. Qxh5 gxh4 39. Be4 Rh8 40. Qg4+ Kf8 41. Qxc8+ 1-0


[Site "https://www.chess.com"]

[Event "Titled Tuesday Blitz February 15 Early 2022"]
[White "Sliwicki, Damian"]
[Black "Shuvalova, Polina"]
[WhiteFideId "1127128"]
[BlackFideId "24171760"]
[WhiteElo "2406"]
[BlackElo "2695"]
[Result "0-1"]
[Round "05"]
[TimeControl "180+1"]
[Date "2022.02.15"]
[WhiteClock "0:00:01"]
[BlackClock "0:00:17"]

1. e4 c6 2. Nc3 d5 3. Nf3 Bg4 4. h3 Bxf3 5. Qxf3 e6 6. d3 Bb4 7. Bd2 d4 8. Nb1 Qb6 9. Qg3 g6 10. Qe5 Bxd2+ 11. Nxd2 Qxb2 12. Rb1 Qc3 13. Qxh8 Kf8 14. Rb6 axb6 15. Qe5 Qc5 16. Qc7 Qe7 17. Qe5 Nd7 18. Qxd4 Rxa2 19. Be2 e5 20. Qc3 Qa3 21. Nb3 Qb2 22. Qxb2 Rxb2 23. Kd2 Ra2 24. Rf1 Ke7 25. f4 Ngf6 26. fxe5 Nxe5 27. d4 Nxe4+ 28. Ke3 Ng3 29. Re1 Nxe2 30. Rxe2 Nd7 31. Kd3+ Kd6 32. Nd2 b5 33. Ne4+ Kc7 34. Ng5 Ra3+ 35. Kd2 f6 36. Nxh7 Rg3 37. Kc1 Kd6 38. Kb2 b4 39. Kb1 b5 40. Kb2 Ra3 41. Re8 Rg3 42. Re2 f5 43. Rf2 Kd5 44. Re2 Nb6 45. Nf6+ Kxd4 46. Rd2+ Kc5 0-1


[Site "https://www.chess.com"]

[Event "Titled Tuesday Blitz February 15 Early 2022"]
[White "Soderstrom, Adrian"]
[Black "Kalajzic, Ivan"]
[WhiteFideId "1745786"]
[BlackFideId "14506378"]
[WhiteElo "2107"]
[BlackElo "2163"]
[Result "0-1"]
[Round "05"]
[TimeControl "180+1"]
[Date "2022.02.15"]
[WhiteClock "0:00:11"]
[BlackClock "0:00:26"]

1. e4 Nc6 2. d4 e5 3. Nf3 exd4 4. Bc4 Be7 5. c3 Na5 6. Bd3 dxc3 7. O-O d6 8. Nxc3 Nf6 9. Qa4+ Nc6 10. e5 dxe5 11. Nxe5 Bd7 12. Nxd7 Qxd7 13. Rd1 O-O-O 14. Bf4 Bd6 15. Bg5 Ne5 16. Qxd7+ Nexd7 17. Bf5 Kb8 18. Ne4 Be5 19. Rab1 Nb6 20. Nxf6 gxf6 21. Be3 Bxb2 22. Kf1 Nc4 23. Bh6 Rhe8 24. Bd3 b5 25. a4 a6 26. axb5 axb5 27. Be2 Rxd1+ 28. Bxd1 Rd8 29. Be2 Nd2+ 30. Bxd2 Rxd2 31. Bxb5 c5 32. Bc4 Kc7 33. Ke1 Bc3 34. Rb3 Rc2+ 35. Kf1 Bd4 36. Be2 Rc1+ 37. Bd1 Rxd1+ 38. Ke2 Rc1 39. Rh3 Rc2+ 40. Kd3 Rxf2 41. Rxh7 Kd6 42. Rxf7 Rxg2 43. h4 Rg3+ 44. Kc4 Rc3+ 45. Kb5 Ke6 46. Rf8 Rb3+ 47. Kc4 Rh3 48. Rh8 Kf5 49. h5 Kg5 50. Rg8+ Kxh5 51. Kd5 Re3 52. Rg2 Re5+ 53. Kc4 Rg5 54. Rh2+ Kg6 55. Kd3 f5 56. Ra2 Rg3+ 57. Kc4 Kg5 58. Ra8 Kg4 59. Kd5 Re3 60. Rf8 f4 61. Rg8+ Kf3 62. Kc4 Kf2 63. Rf8 f3 64. Rg8 Ke2 65. Rf8 f2 66. Kd5 f1=Q 67. Rxf1 Kxf1 68. Kc4 Ke2 69. Kd5 Kd3 70. Kc6 c4 71. Kd5 c3 72. Kc6 c2 73. Kd5 c1=Q 74. Kd6 Qc5+ 75. Kd7 Re7+ 76. Kd8 Qc7# 0-1


[Site "https://www.chess.com"]

[Event "Titled Tuesday Blitz February 15 Early 2022"]
[White "Sovetbekova, Nurai"]
[Black "Matveeva, Olga"]
[WhiteFideId "13801910"]
[BlackFideId "24107018"]
[WhiteElo "1545"]
[BlackElo "2083"]
[Result "0-1"]
[Round "05"]
[TimeControl "180+1"]
[Date "2022.02.15"]
[WhiteClock "0:00:03"]
[BlackClock "0:01:02"]

1. d4 Nf6 2. c4 e6 3. g3 d5 4. Nf3 Bb4+ 5. Bd2 Be7 6. Bg2 O-O 7. O-O c6 8. Qc2 Nbd7 9. Rd1 b6 10. Nc3 Ba6 11. Ne5 Rc8 12. b3 Qc7 13. Nxd7 Qxd7 14. e4 dxc4 15. bxc4 Bxc4 16. e5 Nd5 17. Be4 g6 18. Bh6 Rfd8 19. Ne2 b5 20. a4 Nb4 21. Qd2 Bd5 22. Bxd5 Nxd5 23. axb5 cxb5 24. Ra6 b4 25. Rda1 Rc7 26. Nc1 Rdc8 27. Nd3 b3 28. Rb1 Rc2 29. Qe1 Qb5 30. Rxa7 Qxd3 31. Ra3 Rb8 32. Be3 Nxe3 33. fxe3 Bxa3 0-1


[Site "https://www.chess.com"]

[Event "Titled Tuesday Blitz February 15 Early 2022"]
[White "Srihari L R"]
[Black "Sarana, Alexey"]
[WhiteFideId "46617116"]
[BlackFideId "24133795"]
[WhiteElo "2121"]
[BlackElo "2665"]
[Result "0-1"]
[Round "05"]
[TimeControl "180+1"]
[Date "2022.02.15"]
[WhiteClock "0:00:04"]
[BlackClock "0:00:10"]

1. d4 Nf6 2. c4 e6 3. Nf3 d5 4. Nc3 Nbd7 5. Bg5 h6 6. Bh4 Be7 7. e3 Ne4 8. Bxe7 Qxe7 9. Nxe4 dxe4 10. Nd2 f5 11. Qh5+ Qf7 12. Qxf7+ Kxf7 13. f3 exf3 14. Nxf3 c5 15. Bd3 cxd4 16. exd4 Rd8 17. O-O-O b6 18. Rhe1 Bb7 19. d5 exd5 20. Bxf5 Kf6 21. Bxd7 Rxd7 22. Rd4 g5 23. Ne5 Rd6 24. Kb1 Rad8 25. Ng4+ Kg6 26. Red1 Re8 27. cxd5 h5 28. Nf2 Re2 29. Ne4 Rd7 30. h4 gxh4 31. Nc3 Rxg2 32. Rxh4 Rg4 33. Rh2 h4 34. Rdh1 Kg5 35. Re1 Rf7 36. d6 Bc6 37. Re7 Rxe7 38. dxe7 Be8 39. Nd5 Re4 40. Rg2+ Kf5 41. Rf2+ Ke6 42. Nf6 Re1+ 43. Kc2 Bg6+ 44. Kd2 Rb1 45. e8=Q+ Bxe8 46. Nxe8 Rxb2+ 47. Ke3 Rb4 48. Ng7+ Kd5 49. Nf5 Ra4 50. Kf3 Ke5 51. Ne3 Rf4+ 52. Kg2 h3+ 53. Kg3 Rxf2 54. Kxf2 Kd4 55. Ng4 Kc3 56. Kg3 Kb2 57. Ne5 Kxa2 58. Kxh3 b5 59. Kg3 b4 60. Kf3 b3 61. Nd3 b2 62. Nxb2 Kxb2 63. Ke2 a5 64. Kd2 a4 0-1


[Site "https://www.chess.com"]

[Event "Titled Tuesday Blitz February 15 Early 2022"]
[White "Stankovic, Ivan G"]
[Black "Blokhin, Sofia"]
[WhiteFideId "902837"]
[BlackFideId "4508190"]
[WhiteElo "2195"]
[BlackElo "1762"]
[Result "1/2-1/2"]
[Round "05"]
[TimeControl "180+1"]
[Date "2022.02.15"]
[WhiteClock "0:00:13"]
[BlackClock "0:00:14"]

1. e4 c5 2. c4 e6 3. Nc3 Nc6 4. g3 g6 5. Bg2 Bg7 6. Nge2 Nge7 7. d3 O-O 8. Be3 b6 9. d4 cxd4 10. Nxd4 Nxd4 11. Bxd4 Nc6 12. Bxg7 Kxg7 13. Qd6 Ba6 14. b3 Qb8 15. Rd1 Rd8 16. O-O Qxd6 17. Rxd6 e5 18. Nd5 Rac8 19. Rd1 Nd4 20. Ne7 Rc7 21. R1xd4 exd4 22. Rxd4 Bb7 23. e5 Re8 24. Nd5 Bxd5 25. Rxd5 f6 26. exf6+ Kxf6 27. Bh3 Re1+ 28. Kg2 Re7 29. Bg4 h5 30. Bf3 Rc5 31. Rd6+ Kg7 32. h4 Ra5 33. a4 Rae5 34. Bd1 R5e6 35. Rd5 Re1 36. Rd3 Kf6 37. Rd6+ R1e6 38. Rd3 Ke5 39. Bf3 Kf6 40. Rd5 Kg7 41. Rd3 Kf6 42. Rd5 Kg7 43. Rd3 Kf6 1/2-1/2


[Site "https://www.chess.com"]

[Event "Titled Tuesday Blitz February 15 Early 2022"]
[White "Stepanencu, Nicodim-Cosmin"]
[Black "Ceres, Dragos"]
[WhiteFideId "1256220"]
[BlackFideId "13905864"]
[WhiteElo "1809"]
[BlackElo "2072"]
[Result "1-0"]
[Round "05"]
[TimeControl "180+1"]
[Date "2022.02.15"]
[WhiteClock "0:00:06"]
[BlackClock "0:00:15"]

1. b3 e5 2. Bb2 Nc6 3. e3 Nf6 4. Bb5 Bd6 5. Na3 Be7 6. Nc4 e4 7. Ne5 O-O 8. d4 exd3 9. Bxd3 Bb4+ 10. Kf1 Nxe5 11. Bxe5 Re8 12. Nf3 d5 13. h3 a5 14. c3 Ba3 15. Qc2 h6 16. Rd1 Nd7 17. Bf4 Nc5 18. Bh7+ Kh8 19. Ne5 Be6 20. Bf5 Qf6 21. Bxe6 Qxe6 22. f3 c6 23. Kf2 Re7 24. Rhe1 Rae8 25. Bg3 Na6 26. Ng4 h5 27. Ne5 Bd6 28. Nd3 Bxg3+ 29. Kxg3 Qg6+ 30. Kf2 Nc5 31. Rd2 Ne6 32. Ne5 Qf6 33. Nd3 Ng5 34. Nf4 h4 35. Rde2 Kg8 36. Qd3 b5 37. Qd4 Qxd4 38. cxd4 Ne6 39. Nxe6 Rxe6 40. Rc2 Kf8 41. Rc3 Ke7 42. Rec1 Kd7 43. a3 g5 44. b4 a4 45. R1c2 f5 46. Rd3 R8e7 47. Rdc3 Rf7 48. Re2 Rfe7 49. Rec2 Rg7 50. Re2 g4 51. fxg4 fxg4 52. e4 g3+ 53. Kf3 dxe4+ 54. Rxe4 Rf7+ 55. Rf4 Rxf4+ 56. Kxf4 Re2 57. Kg4 Rxg2 58. Kxh4 Rd2 59. Kxg3 Rxd4 60. h4 Rd6 61. h5 Ke7 62. Rf3 c5 63. bxc5 Rc6 64. Rf5 Ke6 65. Kg4 Ke7 66. Kg5 b4 67. axb4 a3 68. Rf2 Ra6 69. Ra2 Ra4 70. h6 Kf7 71. h7 Kg7 72. c6 Rxb4 73. Rh2 Rb5+ 74. Kg4 Rb4+ 75. Kf5 Rb8 76. Ke6 Rh8 77. c7 Rxh7 78. Rxh7+ Kxh7 79. c8=Q a2 80. Qc2+ Kg7 81. Qxa2 Kg8 82. Qe2 Kg7 83. Qe5+ Kh6 84. Qf4+ Kh7 85. Kf7 Kh8 86. Qh6# 1-0


[Site "https://www.chess.com"]